 Dungeon Crawl Stone Soup version 0.31-a0-263-ge8cad7f256 (webtiles) character file.

Game seed: 8165569438393046116

186 qw the Shooter (level 5, 0/30 HPs)
             Began as a Gargoyle Hexslinger on July 13, 2023.
             Slain by an orc priest
             ... wielding a +0 trident
              (6 damage)
             ... on level 4 of the Dungeon.
             The game lasted 00:01:15 (2701 turns).

qw the Shooter (Gargoyle Hexslinger)                Turns: 2701, Time: 00:01:16

Health: 0/30       AC: 11    Str: 11    XL:     5   Next: 65%
Magic:  6/6        EV: 10    Int: 14    God:
Gold:   66         SH:  0    Dex: 14    Spells: 5/6 levels left

rFire   . . .        Y - +1 sling
rCold   . . .        (no shield)
rNeg    + + .        k - +0 ring mail
rPois   inf          (no helmet)
rElec   +            d - +1 cloak
rCorr   .            (no gloves)
SInv    .            (no boots)
Will    .....        (no amulet) Stlth
                     m - ring of positive energy
HPRegen 0.25/turn    (no ring)
MPRegen 0.10/turn

%: no passive effects
@: confused
A: sickness immunity, AC +4, negative energy resistance 1, electricity
resistance, torment resistance 1, petrification resistance
a: no special abilities


You were on level 4 of the Dungeon.
You visited 1 branch of the dungeon, and saw 4 of its levels.

You collected 66 gold pieces.


Innate Abilities, Weirdness & Mutations

You are immune to sickness and miasma.
Your stone body is resilient. (AC +4)
You are immune to poison.
You resist negative energy. (rN+)
You are resistant to electric shocks. (rElec)
You are resistant to unholy torment.
You are immune to petrification.


   Skills:
 + Level 2.0 Fighting
 - Level 5.0 Ranged Weapons
 - Level 1.9 Armour
 - Level 1.5 Dodging
 - Level 1.0 Spellcasting
 - Level 2.6 Hexes


You had 5 spell levels left.
You knew the following spells:

 Your Spells              Type           Power      Damage    Failure   Level
a - Slow                  Hex            32%        N/A       21%         1

Your spell library contained the following spells:

 Spells                   Type           Power      Damage    Failure   Level
 Inner Flame              Hex/Fire       4%         N/A       71%         3
 Portal Projectile        Hex/Tloc       8%         N/A       71%         3
 Cause Fear               Hex            4%         N/A       90%         4

Inventory:

Hand Weapons
 Y - a +1 sling (weapon)
Armour
 d - a +1 cloak (worn)
 k - a +0 ring mail (worn)
Jewellery
 a - the ring "Hitahaz" {Ice Int+2}
   (You acquired it on level 1 of the Dungeon)

   [ring of ice]

   It enhances your ice magic.
   Int:       It affects your intelligence (+2).
   rF:        It makes you vulnerable to fire.
   rC:        It protects you from cold.
 m - a ring of positive energy (left hand)
Scrolls
 f - a scroll of enchant armour {unknown}
 h - a scroll of identify
Potions
 b - a potion of cancellation
 c - a potion of berserk rage {unknown}
 e - a potion of might {unknown}
 g - a potion of lignification {unknown}
 j - a potion of brilliance {unknown}
 l - a potion of haste {unknown}

Dungeon Overview and Level Annotations

Branches:
Dungeon (4/15)
 Temple: D:4-7

Altars:
Cheibriados
Hepliaklqana
Sif Muna
Yredelemnul


Message History

Something tries to affect you, but you resist.
Something hits you but does no damage. The orc priest closely misses you.
You shoot a sling bullet.
The sling bullet hits the orc priest but does no damage.
The orc priest is lightly wounded.
The orc priest hits you from afar with a +0 trident.
Something hits you but does no damage.
You shoot a sling bullet.
The sling bullet barely misses the orc priest.
The orc priest barely misses you. Something hits you but does no damage.
You shoot a sling bullet.
The sling bullet barely misses the orc priest.
An orc wizard appears from thin air!
Reactivating autopickup.
The orc priest barely misses you.
The orc wizard hits you but does no damage.
You shoot a sling bullet. The sling bullet hits the orc wizard.
The orc wizard is moderately wounded.
The orc priest misses you.
The orc wizard hits you but does no damage.
You shoot a sling bullet.
The sling bullet barely misses the orc wizard.
The orc priest hits you from afar with a +0 trident.
The orc wizard hits you but does no damage.
The orc wizard casts a spell at you.
You are confused.
The orc priest barely misses you.
The orc priest hits you but does no damage.
The orc wizard closely misses you.
The orc priest hits you but does no damage.
The orc wizard hits you but does no damage.
The orc priest invokes the aid of Beogh against you.
Beogh smites you! The orc wizard closely misses you.
The orc priest barely misses you. The orc wizard misses you.
The orc priest calls upon Beogh to heal the orc wizard.
The orc wizard's wounds heal themselves!
The orc wizard gestures at you while chanting.
You are more confused.
The orc priest hits you from afar with a +0 trident.
You die...

###. ####.....
##)o...... #@.#......
##o## ..... ##..# ...o
....... #..## ##.
........# #.##
.........# ##.#
....%.....# #..#######
..........# #........#
..........###........#


You could see an orc priest and an orc wizard.

Vanquished Creatures
  An orc priest (D:4)
  4 gnolls (D:2)
  An adder (D:3)
  3 worms
  A dart slug (D:4)
  5 orcs
  2 ball pythons
  10 endoplasms
  4 giant cockroaches
  9 goblins
  6 hobgoblins
  8 jackals (D:1)
  10 kobolds
  A quokka (D:3)
  10 bats
  3 frilled lizards
  9 rats
87 creatures vanquished.

Notes
Turn   | Place    | Note
-------+----------+-------------------------------------------
     0 | D:1      | qw the Gargoyle Hexslinger began the quest for the Orb.
     0 | D:1      | Reached XP level 1. HP: 12/12 MP: 2/2
     0 | D:1      | 0 ||| qw: Version: 0.3-a-52-g30416fa
     0 | D:1      | 0 ||| qw: Game counter: 7188
     0 | D:1      | 0 ||| qw: Melee chars always use a shield: true
     0 | D:1      | 0 ||| qw: God list: Okawaru
     0 | D:1      | 0 ||| qw: Allow faded altars: false
     0 | D:1      | 0 ||| qw: Do Orc after clearing Dungeon:15 true
     0 | D:1      | 0 ||| qw: Do second Lair branch before Depths: true
     0 | D:1      | 0 ||| qw: Lair rune preference: random
     0 | D:1      | 0 ||| qw: Goals: Normal
     0 | D:1      | 0 ||| PLANNING D:1-11
   117 | D:1      | Reached XP level 2. HP: 16/16 MP: 3/3
   162 | D:1      | Reached skill level 3 in Ranged Weapons
   282 | D:1      | Reached XP level 3. HP: 21/21 MP: 4/4
   346 | D:1      | Found a faded altar of an unknown god.
   773 | D:1      | 773 ||| UPGRADING to +1 cloak.
   778 | D:1      | 778 ||| READING scroll labelled JEGUGUDWOPS.
   779 | D:1      | 779 ||| READING scroll labelled TUTWOUCECK.
   780 | D:1      | 780 ||| READING scroll labelled WEUKLA YC ESSO.
   784 | D:1      | 784 ||| READING scroll labelled OJUPPIL ZEELL.
   784 | D:1      | Identified a scroll of acquirement
   784 | D:1      | 784 ||| ACQUIRING ring "Hitahaz" {Ice Int+2}
   784 | D:1      | Acquired the ring "Hitahaz" {Ice Int+2}
   786 | D:1      | 786 ||| READING scroll labelled HOFYEN FEM.
   787 | D:1      | 787 ||| DROPPING scroll of poison.
   991 | D:2      | Reached skill level 4 in Ranged Weapons
   991 | D:2      | Reached XP level 4. HP: 20/26 MP: 5/5
   997 | D:2      | HP: 6/26 [gnoll/+0 spear (4)]
   998 | D:2      | 998 ||| READING scroll of teleportation.
  1008 | D:2      | 1008 ||| FLEEEEING.
  1009 | D:2      | 1009 ||| FLEEEEING.
  1010 | D:2      | 1010 ||| FLEEEEING.
  1746 | D:2      | 1746 ||| UPGRADING to +0 leather armour.
  1756 | D:2      | 1756 ||| DROPPING +0 robe.
  1845 | D:3      | Reached XP level 5. HP: 30/30 MP: 6/6
  1872 | D:3      | Found a snail-covered altar of Cheibriados.
  1959 | D:3      | Found a basalt altar of Yredelemnul.
  1962 | D:3      | Found a hazy altar of Hepliaklqana.
  2279 | D:3      | Reached skill level 5 in Ranged Weapons
  2324 | D:3      | Found a shimmering blue altar of Sif Muna.
  2372 | D:3      | 2372 ||| UPGRADING to +0 ring mail.
  2382 | D:3      | 2382 ||| DROPPING +0 leather armour.
  2383 | D:3      | 2383 ||| UPGRADING to ring of positive energy.
  2384 | D:3      | 2384 ||| READING scroll labelled MUCKETI KOSIANOK.
  2485 | D:3      | 2485 ||| READING 2 scrolls of identify.
  2485 | D:3      | 2485 ||| IDENTIFYING puce potion
  2672 | D:4      | 2672 ||| Stepping ~*~*~tactically~*~*~ (outnumbered).
  2678 | D:4      | Reached skill level 1 in Armour
  2679 | D:4      | 2679 ||| Stepping ~*~*~tactically~*~*~ (outnumbered).
  2698 | D:4      | HP: 5/30 [orc priest/divine providence (14)]
  2701 | D:4      | Slain by an orc priest

Levels and vault maps discovered:
D:1:      onia_arrival_mini_maze, layout_loops_cross,
          dreamdust_ecumenical_altar_angels_and_demons, st_stairs_7
D:2:      layout_basic
D:3:      layout_basic, lemuel_coloured_pillars_altar,
          mainiacjoe_overflow_catwalk,
          chequers_temple_overflow_statue_of_worship, corexii_corridor_pit
D:4:      layout_basic, minmay_temple_entry_offerings,
          nicolae_kite_square_tiling_tiny

Skill      XL: |  1  2  3  4  5 |
---------------+----------------+-----
Ranged Weapons | 3 4 5 |  5.0
Fighting       | 2 |  2.0
Armour         | 1 |  1.9
Dodging        | |  1.5
Spellcasting   | |  1.0
Hexes          | |  2.6

Action                     |  1- 3 |  4- 6 || total
---------------------------+-------+-------++-------
   Fire: Sling             |   141 |   166 ||   307
    Use: Scroll            |     5 |     3 ||     8
 Armour: Robe              |    20 |     7 ||    27
         Leather armour    |       |    15 ||    15
         Ring mail         |       |    35 ||    35
  Dodge: Dodged            |    33 |    56 ||    89

Table legend:
 A = Non-vault XP
 B = Vault XP
 C = Vault XP percentage of total XP
 D = Non-vault monster count
 E = Vault monster count
 F = Vault count percentage of total count
                 A         B        C        D         E       F
            +---------+---------+-------+---------+---------+-------
      Total |     263 |       3 |   1.1 |      85 |       2 |   2.3
            +---------+---------+-------+---------+---------+-------
        D:1 |      57 |       3 |   5.0 |      32 |       2 |   5.9
        D:2 |      97 |       0 |   0.0 |      26 |       0 |   0.0
        D:3 |      41 |       0 |   0.0 |      15 |       0 |   0.0
        D:4 |      68 |       0 |   0.0 |      12 |       0 |   0.0
            +---------+---------+-------+---------+---------+-------
